 Dungeon Crawl Stone Soup version 0.17-a0-1945-gfe993df (webtiles) character file.

832 Kusio the Spear-Bearer (level 7, -1/57 HPs)
             Began as a Minotaur Fighter on Oct 1, 2015.
             Slain by a two-headed ogre
             ... wielding a +0 giant club
              (6 damage)
             ... on level 4 of the Dungeon.
             The game lasted 00:13:32 (4424 turns).

Kusio the Spear-Bearer (Minotaur Fighter)           Turns: 4424, Time: 00:13:32

Health: -1/57      AC:  8    Str: 20    XL:     7   Next: 65%
Magic:  6/6        EV:  7    Int:  9    God:
Gold:   194        SH:  9    Dex: 12    Spells: 0 memorised, 6 levels left

rFire  . . .     SeeInvis .     a - +0 trident
rCold  . . .     Clarity  .     b - +0 scale mail
rNeg   . . .     SustAt   .     c - +0 shield
rPois  .         Gourm    .     (helmet restricted)
rElec  .         Spirit   .     q - +0 cloak
rCorr  .         Warding  .     (no gloves)
rMut   .         Stasis   .     (no boots)
MR     .....                    (no amulet)
Stlth  ..........               (no ring)
                                h - +4 ring of intelligence

@: not resistant to hostile enchantments, extremely unstealthy
A: retaliatory headbutt, horns 2
a: no special abilities


You were on level 4 of the Dungeon.
You were hungry.

You visited 2 branches of the dungeon, and saw 6 of its levels.
You also visited: Ossuary.

You collected 194 gold pieces.

Inventory:

Hand weapons
 a - a +0 trident (weapon)
Armour
 b - a +0 scale mail (worn)
 c - a +0 shield (worn)
 q - a +0 cloak (worn)
Jewellery
 h - a +4 ring of intelligence (left hand)
Magical devices
 o - a wand of slowing (18)
Scrolls
 f - 3 scrolls of teleportation {unknown}
 g - 4 scrolls of identify {unknown}
 j - 6 scrolls of remove curse {unknown}
 k - a scroll of recharging {unknown}
 m - 3 scrolls of fog {unknown}
 n - a scroll of random uselessness {unknown}
 t - a scroll of magic mapping {unknown}
 y - 2 scrolls of vulnerability {unknown}
Potions
 d - 2 potions of might
 l - 2 potions of mutation {unknown}
 p - 2 potions of brilliance {unknown}
 r - a potion of resistance {unknown}
 s - 3 potions of curing {unknown}
 z - 3 potions of agility {unknown}
 A - a potion of lignification {unknown}
 B - 4 potions of heal wounds {unknown}
 C - 3 potions of poison {unknown}
 D - a potion of flight {unknown}
Books
 w - a book of the Dragon

   Spells                             Type                      Level
   a - Flame Tongue                   Conjuration/Fire             1
   b - Cause Fear                     Hexes                        4
   c - Bolt of Fire                   Conjuration/Fire             6
   d - Dragon Form                    Transmutation                7
   e - Dragon's Call                  Summoning                    9
Comestibles
 e - 5 bread rations
 i - a slice of pizza
 u - 2 chunks of flesh
 v - 2 beef jerkies
 x - 2 meat rations


   Skills:
 - Level 3.6 Fighting
 + Level 10.5 Polearms
 - Level 3.6 Armour
 - Level 3.6 Shields


You had 6 spell levels left.
You didn't know any spells.

Dungeon Overview and Level Annotations

Branches:
Dungeon (5/15)             Temple (1/1) D:4

Altars:
Ashenzari
Cheibriados
Dithmenos
Elyvilon
Gozag
Okawaru
Qazlal
Sif Muna
Yredelemnul
Zin


Innate Abilities, Weirdness & Mutations

You reflexively headbutt those who attack you in melee.
You have a pair of horns on your head.


Message History

The two-headed ogre is heavily wounded.
You barely miss the two-headed ogre.
The two-headed ogre is heavily wounded.
The two-headed ogre hits you with a giant club!
You block the two-headed ogre's attack.
You hit the two-headed ogre.
The two-headed ogre is heavily wounded.
You block the two-headed ogre's attack.
The two-headed ogre hits you with a giant club!
* * * LOW HITPOINT WARNING * * *
You hit the two-headed ogre but do no damage.
The two-headed ogre is heavily wounded.
Drink which item? (? for menu, Esc to quit)
Okay, then.
You are too injured to fight recklessly!
You puncture the two-headed ogre!
Your headbutt misses the two-headed ogre.
The two-headed ogre is severely wounded.
The two-headed ogre hits you with a giant club.
You die...

### ###
##################.#######.#
...................#.......#
##################.#.#####.#
#.#.# #.#
###########.#'#####'#####
#####....#...@..............## ##
#...#....#...O..............#. .#
#...#....#..................#.
.###.............................
...###........................#..
...#_#........####............#..
...#'#........# #.......##....#..
###..##.......###.......##....#..
......'.......'.........##.......


You could see a two-headed ogre.

Vanquished Creatures
  Sigmund (D:2)
  Edmund (D:4)
  A scorpion (D:4)
  A hound (D:5)
  An iguana (D:4)
  2 orc wizards (D:3)
  Natasha (thrice) (D:2)
  11 mummies (Ossuary)
  Robin (D:2)
  5 gnolls (D:5)
  4 adders
  2 worms (D:2)
  13 orcs
  13 bats
  2 giant cockroaches
  8 hobgoblins
  4 jackals (D:4)
  7 kobolds
  5 quokkas
  3 ball pythons
  A giant gecko (D:1)
  8 giant newts
  3 gnoll skeletons (Ossuary)
  19 goblins
  4 goblin skeletons (Ossuary)
  A kobold skeleton (Ossuary)
  14 rats
  11 rat skeletons (Ossuary)
149 creatures vanquished.

Notes
Turn   | Place    | Note
--------------------------------------------------------------
     0 | D:1      | Kusio the Minotaur Fighter began the quest for the Orb.
     0 | D:1      | Reached XP level 1. HP: 19/19 MP: 0/0
   164 | D:1      | Reached XP level 2. HP: 12/26 MP: 1/1
   656 | D:1      | Reached skill level 4 in Polearms
   940 | D:2      | Found an opulent altar of Gozag.
   955 | D:2      | Noticed Natasha
   958 | D:2      | Reached XP level 3. HP: 31/31 MP: 2/2
   964 | D:2      | Killed Natasha
   992 | D:2      | Reached skill level 5 in Polearms
  1024 | D:2      | Noticed Natasha
  1063 | D:2      | Killed Natasha
  1205 | D:2      | Noticed Robin
  1206 | D:2      | Reached XP level 4. HP: 39/39 MP: 3/3
  1243 | D:2      | Killed Robin
  1306 | D:2      | Noticed Natasha
  1310 | D:2      | Killed Natasha
  1751 | D:2      | Noticed Sigmund
  1770 | D:2      | Killed Sigmund
  1770 | D:2      | Reached skill level 7 in Polearms
  1770 | D:2      | Reached XP level 5. HP: 28/45 MP: 4/4
  1923 | D:2      | Reached XP level 6. HP: 51/51 MP: 5/5
  2183 | D:3      | Reached skill level 8 in Polearms
  2651 | D:3      | Found a stormy altar of Qazlal.
  3293 | D:4      | Noticed Edmund
  3324 | D:4      | Killed Edmund
  3324 | D:4      | Reached skill level 9 in Polearms
  3324 | D:4      | Reached XP level 7. HP: 40/57 MP: 6/6
  3341 | D:4      | Found a sand-covered staircase.
  3350 | Ossuary  | Entered an ossuary
  3796 | D:4      | Found a shattered altar of Ashenzari.
  3831 | D:4      | Reached skill level 10 in Polearms
  4028 | D:4      | Found an iron altar of Okawaru.
  4059 | D:4      | Found a staircase to the Ecumenical Temple.
  4070 | Temple   | Entered the Ecumenical Temple
  4213 | D:5      | Entered Level 5 of the Dungeon
  4391 | D:4      | Noticed a two-headed ogre
  4424 | D:4      | Slain by a two-headed ogre

Vault maps used:
D:1:      dpeg_arrival_subterranean_lakeside_camping, serial_glass,
          glass_columns_c, glass_columns_c, glass_columns_c, item_on_display_b,
          item_on_display_a, minivault_25, st_stairs_11
D:2:      nicolae_overflow_crystal_walls, serial_co_window_serial,
          co_window_paths_a, co_window_paths_a, co_window_paths_b,
          co_window_paths_b, co_window_corner_a, co_window_broadway_c,
          co_window_broadway_b, co_window_cross_4, co_window_corner_b,
          co_window_of_opportunity_b, co_window_4corner_a, co_window_paths_d,
          glass_columns_a, glass_columns_b, uniq_natasha, uniq_robin,
          uniq_sigmund
D:3:      nicolae_qazlal_eye_of_the_storm
D:4:      ashenzari_conservatory_becter, kennysheep_mini,
          minmay_temple_entry_hall, first_bread, enter_ossuary_1, uniq_edmund,
          uniq_pikel
D:5:      portal_sewer_entry_d
Temple:   temple_of_Zot_ovaries
Ossuary:  ossuary_due_small_catacomb

Action                   |  1- 3 |  4- 6 |  7- 9 || total
-------------------------+-------+-------+-------++-------
Melee: Trident           |   123 |   216 |   154 ||   493
Evoke: Wand              |       |     2 |       ||     2
  Eat: Chunk             |     1 |     7 |     3 ||    11
